Map: Port Aleksander LE

Players

LiquidMaNa (MaNa)

  • Race: Protoss Protoss
  • League: Grandmaster
  • Spawn Location: 5:00

PtitDrogo - Winner!

  • Race: Protoss Protoss
  • League: Grandmaster
  • Spawn Location: 11:00

Event: 2019 WCS Winter Europe

VOD

Have the link to the VOD?

Description

Time

  • Played on: Feb. 14, 2019, 10:40 a.m.
  • Length: 11:00

All games in this series

Show
View Real Time Build Order
Export as new Build Order

LiquidMaNa Protoss 

Build Orders: Oracle Opening, Zealot Archon 

Get SALT Encoding   

  12  0:00  Probe  
  13  0:12  Probe  
  14  0:19  Pylon  
  14  0:24  Probe  
  15  0:33  Probe  
  15  0:40  Gateway  
  15  0:42  Probe  
  16  0:48  Assimilator  
  17  0:51  Probe  
  18  0:57  Assimilator  
  18  0:59  Probe  
  19  1:07  Probe  
  19  1:09  Gateway  
  19  1:18  Probe  
  21  1:28  Cybernetics Core  
  21  1:30  Probe  
  22  1:37  Pylon  
  22  1:42  Probe  
  23  1:55  Warp Gate, Probe  
  24  2:04  Stalker  
  24  2:05  Stalker  
  28  2:09  Probe  
  29  2:16  Pylon  
  29  2:27  Stargate  
  29  2:34  Stalker  
  31  2:42  Stalker  
  33  2:46  Probe  
  34  3:01  Oracle  
  34  3:04  Probe  
  35  3:08  Pylon  
  38  3:32  Nexus  
  38  3:36  Probe  
  38  3:40  Oracle  
  43  3:48  Probe  
  43  3:52  Twilight Council  
  43  4:00  Probe  
  43  4:02  Pylon  
  44  4:12  Probe  
  41  4:20  Blink  
  41  4:24  Probe  
  42  4:31  Forge  
  42  4:35  Stalker  
  42  4:36  Probe  
  45  4:41  Stalker, Probe  
  48  4:47  Protoss Ground Weapons Level 1  
  48  4:49  Probe x2  
  49  4:57  Assimilator  
  49  4:58  Probe  
  49  4:59  Assimilator  
  50  5:01  Probe  
  50  5:02  Sentry  
  54  5:10  Probe  
  54  5:13  Probe  
  56  5:23  Probe  
  56  5:25  Probe  
  58  5:29  Stalker  
  58  5:30  Stalker  
  58  5:35  Probe  
  63  5:37  Probe  
  63  5:40  Gateway x2  
  64  5:46  Gateway  
  64  5:57  Probe x2, Gateway  
  66  6:07  Gateway  
  66  6:09  Gateway  
  66  6:12  Robotics Facility  
  66  6:21  Pylon  
  66  6:24  Charge  
  66  6:29  Protoss Ground Weapons Level 2  
  66  6:41  Templar Archives  
  66  6:50  Immortal  
  66  6:51  Nexus  
  66  6:58  Zealot x3  
  76  7:20  Pylon  
  76  7:21  Pylon  
  76  7:22  Pylon  
  76  7:31  Warp Prism  
  78  7:39  High Templar x5  
  78  7:40  Zealot x3  
  94  7:48  Archon x2  
  94  7:59  Immortal  
  94  8:01  Pylon  
  94  8:03  High Templar x2, Pylon  
  98  8:08  Archon  
  98  8:11  Probe  
  98  8:12  Probe  
  104  8:14  Shield Battery  
  104  8:16  Zealot  
  106  8:24  Photon Cannon  
  106  8:26  High Templar  
  108  8:31  Zealot x2, Assimilator  
  108  8:33  Zealot  
  114  8:38  Zealot  
  114  8:40  Zealot  
  113  8:45  Phoenix  
  116  8:48  Probe  
  116  9:01  High Templar x2  
  116  9:02  Zealot x3  
  123  9:07  Archon x2  
  123  9:11  Immortal  
  127  9:25  Zealot x3  
  127  9:27  Pylon  
  133  9:42  Pylon x2  
  133  9:45  Probe  
  134  9:46  High Templar  
  134  9:47  Zealot, High Templar  
  134  9:51  Archon  
  140  10:00  Immortal  
  140  10:01  High Templar x2  
  140  10:03  Shield Battery  
  140  10:06  Archon  
  144  10:19  Zealot x4  
  144  10:20  Zealot  
  102  10:28  Zealot  
  102  10:34  Zealot x2  
  92  10:41  Zealot x3  
  58  10:52  Zealot x2  
Show
View Real Time Build Order
Export as new Build Order

PtitDrogo Protoss - Winner!

Build Orders: Zealot Archon 

Get SALT Encoding   

  12  0:00  Probe  
  13  0:12  Probe  
  14  0:18  Pylon  
  14  0:24  Probe  
  15  0:32  Probe  
  15  0:39  Gateway  
  15  0:40  Probe  
  16  0:47  Assimilator  
  17  0:51  Probe  
  17  0:55  Assimilator  
  18  1:00  Probe  
  19  1:08  Probe, Gateway  
  19  1:17  Probe  
  21  1:26  Cybernetics Core  
  21  1:29  Probe  
  22  1:35  Pylon  
  22  1:41  Probe  
  23  1:54  Probe  
  24  1:56  Warp Gate  
  24  2:00  Pylon  
  24  2:02  Stalker  
  24  2:03  Sentry  
  28  2:09  Probe  
  29  2:23  Pylon  
  29  2:33  Stalker x2  
  33  2:55  Nexus  
  32  3:01  Shield Battery  
  32  3:07  Probe  
  32  3:10  Sentry x2  
  37  3:15  Pylon  
  37  3:21  Probe  
  38  3:30  Robotics Facility  
  38  3:37  Probe, Shield Battery  
  39  3:45  Stalker  
  41  3:52  Stalker  
  41  3:54  Probe  
  43  4:02  Probe  
  45  4:10  Probe  
  45  4:11  Stalker  
  45  4:16  Probe  
  43  4:19  Probe  
  44  4:25  Probe  
  44  4:27  Probe  
  44  4:31  Observer  
  47  4:33  Probe, Forge  
  47  4:36  Probe  
  48  4:44  Probe  
  50  4:48  Probe  
  50  4:49  Protoss Ground Weapons Level 1  
  50  4:52  Stalker  
  53  4:57  Probe  
  54  5:00  Probe  
  54  5:04  Immortal  
  59  5:10  Probe  
  60  5:15  Pylon  
  60  5:16  Probe  
  61  5:22  Twilight Council  
  61  5:25  Probe  
  62  5:33  Assimilator, Probe  
  62  5:35  Assimilator  
  63  5:37  Probe  
  64  5:44  Pylon  
  64  5:45  Probe  
  64  5:58  Probe  
  64  6:00  Probe  
  64  6:03  Charge, Immortal  
  66  6:10  Gateway x2  
  70  6:13  Gateway  
  70  6:18  Templar Archives  
  70  6:20  Probe  
  70  6:22  Protoss Ground Weapons Level 2  
  71  6:35  Pylon  
  71  6:36  Zealot x2  
  77  6:47  Warp Prism  
  75  6:56  Probe x2  
  77  7:13  Nexus, Pylon  
  74  7:24  Gateway  
  74  7:25  Gateway  
  74  7:28  Gateway  
  74  7:30  Immortal  
  78  7:39  High Templar  
  78  7:40  Zealot, High Templar x3  
  88  7:45  Pylon  
  88  7:47  Pylon, Archon x2  
  88  7:56  Pylon  
  86  8:10  Probe x2  
  86  8:12  Zealot x4  
  96  8:14  High Templar  
  96  8:18  High Templar  
  100  8:23  Archon  
  100  8:26  Zealot x2  
  104  8:28  Protoss Shields Level 1  
  104  8:31  Probe x3  
  105  8:45  High Templar x2  
  105  8:46  Zealot x2  
  105  8:47  Zealot x3  
  119  8:49  Archon  
  119  8:59  Probe x3  
  119  9:00  Zealot  
  124  9:03  Pylon  
  124  9:04  Pylon  
  124  9:05  Pylon  
  122  9:16  Zealot  
  124  9:22  High Templar x2  
  128  9:25  Zealot x4  
  128  9:28  Archon  
  132  9:42  Pylon  
  131  9:47  High Templar x2  
  131  9:48  Zealot x4  
  131  9:51  Pylon, Archon  
  143  9:54  Zealot  
  143  9:55  Zealot  
  147  10:15  Zealot x6  
  147  10:20  Zealot  
  125  10:23  Zealot  
  95  10:37  Zealot x2  
  95  10:38  Zealot x3  
  90  10:50  Zealot x2  
  90  10:51  Zealot  
Tags
 
Add a new tag
Caveats
  • Supply blocks, unpowered buildings, or Contaminate may cause inaccurate times.
  • Supply counts are checked every 10 seconds.